General information
- name: BNet
- type: Ladder team game (AT/RT)
- host: Battle.net
- saver: TheRuthlessOne
map: Deathknell
- players: 8
- length: 32:04
- speed: Fast
- version: 1.26 W3XP
- replay type: Public
» download(196 KB)
Players
team 1 (loser)

»
aIe_b0b0Kiki (
green | 29 APM | 475 actions | 16:06)
3 Demon Hunter
1 Immolation
2 Evasion
1 Priestess of the Moon
1 Trueshot Aura
» actions
| Assign group hotkey | 15 | |
| Basic commands | 26 | |
| Build / train | 49 | |
| Enter build submenu | 15 | |
| Enter hero's abilities submenu | 4 | |
| Remove unit from queue | 1 | |
| Right click | 112 | |
| Select / deselect | 161 | |
| Select group hotkey | 63 | |
| Use ability | 29 | |
475 total
» units
| Wisp | 16 | |
| Archer | 11 | |
| Gnoll Overseer | 1 | |
| Hippogryph | 5 | |
| Chimaera | 3 | |
36 total
» upgrades
| Strength of the Wild | 1 | |
| Hippogryph Taming | 1 | |
| Reinforced Hides | 1 | |
3 total
» buildings
| Altar of Elders | 1 | |
| Moon Well | 5 | |
| Ancient of War | 1 | |
| Tree of Ages | 1 | |
| Ancient of Wonders | 1 | |
| Hunter's Hall | 1 | |
| Tree of Life | 3 | |
| Tree of Eternity | 1 | |
| Ancient of Wind | 1 | |
| Chimaera Roost | 1 | |
16 total
» build order
00:27 Altar of Elders
00:30 Moon Well
00:45 Ancient of War
02:11 Tree of Ages
02:21 Moon Well
02:29 Ancient of Wonders
03:17 Moon Well
04:15 Moon Well
04:22 Hunter's Hall
05:28 Tree of Life
05:51 Tree of Eternity
06:36 Ancient of Wind
08:22 Chimaera Roost
08:45 Tree of Life
13:34 Tree of Life
13:45 Moon Well
» items
OnlyEuropaKnows (
yellow | 95 APM | 3051 actions | 32:03)
8 Blademaster
3 Wind Walk
3 Critical Strike
1 Bladestorm
1 Mirror Image
2 Priestess of the Moon
1 Searing Arrows
1 Trueshot Aura
» actions
| Assign group hotkey | 51 | |
| Basic commands | 61 | |
| Build / train | 172 | |
| ESC pressed | 4 | |
| Enter build submenu | 63 | |
| Enter hero's abilities submenu | 10 | |
| Give item / drop item | 7 | |
| Right click | 1414 | |
| Select / deselect | 522 | |
| Select group hotkey | 566 | |
| Use ability | 181 | |
3051 total
» units
| Peon | 19 | |
| Grunt | 16 | |
| Goblin Shredder | 4 | |
| Troll Batrider | 6 | |
| Wind Rider | 7 | |
| Wisp | 5 | |
| Goblin Sapper | 3 | |
| Goblin Zeppelin | 1 | |
61 total
» upgrades
| Pillage | 2 | |
| Armor | 3 | |
| Ranged Weapons | 3 | |
| Berserker Strength | 1 | |
| Troll Regeneration | 1 | |
| Reinforced Defenses | 1 | |
| Backpack | 4 | |
| Envenomed Spears | 1 | |
| Liquid Fire | 1 | |
| Masonry | 1 | |
| Well Spring | 2 | |
| Spiked Barricades | 3 | |
| Melee Weapons | 3 | |
| Ensnare | 1 | |
| War Drums Damage Increase | 1 | |
| Berserker Upgrade | 1 | |
| Burning Oil | 1 | |
| Ultravision | 2 | |
| Strength of the Wild | 5 | |
| Reinforced Hides | 5 | |
| Witch Doctor Training | 2 | |
| Shaman Training | 2 | |
| Druid of the Talon Training | 2 | |
| Spirit Walker Training | 1 | |
| Marksmanship | 2 | |
| Sentinel | 2 | |
| Upgrade Moon Glaive | 2 | |
| Vorpal Blades | 2 | |
| Nature's Blessing | 1 | |
| Improved Bows | 1 | |
59 total
» buildings
| Altar of Storms | 1 | |
| Orc Burrow | 8 | |
| Barracks | 1 | |
| Voodoo Lounge | 2 | |
| Great Hall | 2 | |
| War Mill | 1 | |
| Watch Tower | 28 | |
| Stronghold | 3 | |
| Fortress | 2 | |
| Beastiary | 4 | |
| Moon Well | 3 | |
| Spirit Lodge | 1 | |
| Tree of Eternity | 4 | |
| Ancient of Wind | 5 | |
65 total
» build order
00:06 Altar of Storms
00:10 Orc Burrow
00:38 Barracks
01:27 Orc Burrow
02:01 Voodoo Lounge
03:02 Orc Burrow
04:51 Great Hall
04:55 War Mill
05:48 Orc Burrow
06:57 Watch Tower
07:10 Watch Tower
07:41 Watch Tower
07:44 Watch Tower
08:01 Stronghold
08:02 Stronghold
08:02 Stronghold
08:21 Watch Tower
08:24 Watch Tower
09:00 Watch Tower
09:47 Watch Tower
09:57 Watch Tower
10:02 Watch Tower
10:27 Fortress
10:27 Fortress
10:29 Beastiary
10:36 Beastiary
10:39 Beastiary
10:43 Beastiary
12:34 Orc Burrow
12:38 Orc Burrow
12:43 Orc Burrow
12:45 Watch Tower
12:50 Watch Tower
13:32 Watch Tower
13:33 Watch Tower
15:28 Watch Tower
17:49 Watch Tower
17:51 Watch Tower
18:03 Moon Well
18:04 Moon Well
18:05 Moon Well
19:36 Watch Tower
20:02 Watch Tower
20:38 Watch Tower
20:41 Watch Tower
20:44 Voodoo Lounge
22:08 Spirit Lodge
22:12 Watch Tower
22:38 Tree of Eternity
22:38 Tree of Eternity
22:38 Tree of Eternity
23:01 Great Hall
23:40 Watch Tower
23:42 Watch Tower
23:44 Watch Tower
23:45 Watch Tower
24:15 Watch Tower
24:55 Watch Tower
26:42 Ancient of Wind
26:43 Ancient of Wind
26:44 Ancient of Wind
26:46 Ancient of Wind
26:47 Ancient of Wind
28:57 Orc Burrow
» items
| Healing Salve | 5 | |
| Lesser Clarity Potion | 5 | |
| Scroll of Town Portal | 1 | |
| Orb of Lightning | 3 | |
| Tiny Great Hall | 1 | |
| Orb of Venom | 3 | |
18 total
Marcellus3k (
blue | 39 APM | 633 actions | 16:23)
2 Priestess of the Moon
1 Trueshot Aura
1 Scout
» actions
| Assign group hotkey | 17 | |
| Build / train | 63 | |
| Enter build submenu | 15 | |
| Enter hero's abilities submenu | 2 | |
| Remove unit from queue | 3 | |
| Right click | 216 | |
| Select / deselect | 173 | |
| Select group hotkey | 109 | |
| Use ability | 35 | |
633 total
» units
| Wisp | 30 | |
| Archer | 16 | |
| Hippogryph | 4 | |
50 total
» upgrades
| Strength of the Moon | 2 | |
| Moon Armor | 2 | |
| Improved Bows | 1 | |
| Nature's Blessing | 1 | |
| Hippogryph Taming | 1 | |
7 total
» buildings
| Moon Well | 5 | |
| Altar of Elders | 1 | |
| Ancient of War | 1 | |
| Ancient of Wonders | 1 | |
| Hunter's Hall | 1 | |
| Tree of Ages | 1 | |
| Ancient Protector | 4 | |
| Ancient of Wind | 2 | |
| Tree of Life | 2 | |
18 total
» build order
00:10 Moon Well
00:18 Altar of Elders
01:00 Ancient of War
01:31 Moon Well
01:51 Moon Well
02:15 Ancient of Wonders
03:06 Hunter's Hall
06:21 Tree of Ages
06:27 Ancient Protector
10:14 Ancient of Wind
10:15 Ancient of Wind
11:47 Ancient Protector
11:49 Ancient Protector
11:57 Ancient Protector
12:54 Tree of Life
14:21 Tree of Life
15:30 Moon Well
15:31 Moon Well
» items
GhetZ (
orange | 19 APM | 317 actions | 16:18)
2 Mountain King
1 Storm Bolt
1 Bash
» actions
| Build / train | 37 | |
| Enter build submenu | 17 | |
| Enter hero's abilities submenu | 2 | |
| Right click | 106 | |
| Select / deselect | 130 | |
| Use ability | 25 | |
317 total
» units
» upgrades
| Plating | 1 | |
| Swords | 1 | |
| Lumber Harvesting | 1 | |
3 total
» buildings
| Altar of Kings | 1 | |
| Farm | 5 | |
| Barracks | 2 | |
| Scout Tower | 4 | |
| Lumber Mill | 1 | |
| Arcane Tower | 2 | |
| Keep | 1 | |
| Blacksmith | 1 | |
| Guard Tower | 2 | |
| Castle | 1 | |
| Arcane Vault | 1 | |
| Town Hall | 1 | |
22 total
» build order
00:07 Altar of Kings
00:11 Farm
00:49 Barracks
01:14 Scout Tower
01:31 Lumber Mill
02:12 Arcane Tower
02:28 Farm
03:09 Farm
03:19 Barracks
03:59 Farm
04:04 Keep
04:27 Scout Tower
04:55 Blacksmith
05:11 Arcane Tower
05:15 Scout Tower
05:53 Guard Tower
05:58 Scout Tower
06:25 Castle
06:43 Guard Tower
07:58 Arcane Vault
09:00 Farm
15:33 Town Hall
team 2 (winner)

»
FiGhTForUS (
teal | 74 APM | 2359 actions | 32:03)
4 Blademaster
2 Wind Walk
2 Critical Strike
3 Shadow Hunter
2 Healing Wave
1 Hex
» actions
| Assign group hotkey | 13 | |
| Basic commands | 172 | |
| Build / train | 49 | |
| ESC pressed | 1 | |
| Enter build submenu | 17 | |
| Enter hero's abilities submenu | 8 | |
| Right click | 681 | |
| Select / deselect | 647 | |
| Select group hotkey | 721 | |
| Use ability | 49 | |
2359 total
» units
| Peon | 8 | |
| Grunt | 3 | |
| Gnoll Overseer | 1 | |
| Shaman | 4 | |
| Tauren | 4 | |
20 total
» upgrades
| Berserker Strength | 1 | |
| Shaman Training | 2 | |
| Pulverize | 1 | |
| Witch Doctor Training | 2 | |
| Reinforced Defenses | 1 | |
| Armor | 1 | |
| Melee Weapons | 1 | |
9 total
» buildings
| Altar of Storms | 1 | |
| Orc Burrow | 6 | |
| Voodoo Lounge | 1 | |
| Barracks | 1 | |
| Stronghold | 1 | |
| Fortress | 2 | |
| War Mill | 1 | |
| Spirit Lodge | 1 | |
| Tauren Totem | 2 | |
| Great Hall | 1 | |
| Watch Tower | 3 | |
20 total
» build order
00:07 Altar of Storms
00:22 Orc Burrow
00:50 Voodoo Lounge
01:28 Barracks
01:46 Orc Burrow
03:18 Stronghold
04:53 Orc Burrow
05:45 Fortress
06:32 War Mill
06:37 Spirit Lodge
08:11 Tauren Totem
08:12 Tauren Totem
09:01 Orc Burrow
10:47 Orc Burrow
12:25 Great Hall
15:48 Orc Burrow
16:17 Watch Tower
16:20 Watch Tower
16:23 Watch Tower
» items
| Healing Salve | 2 | |
| Lesser Clarity Potion | 2 | |
| Scroll of Town Portal | 1 | |
5 total
TheRuthlessOne (
red | 50 APM | 1593 actions | 32:04)
6 Blademaster
3 Wind Walk
3 Critical Strike
» actions
| Assign group hotkey | 180 | |
| Basic commands | 222 | |
| Build / train | 67 | |
| Enter build submenu | 34 | |
| Enter hero's abilities submenu | 8 | |
| Give item / drop item | 1 | |
| Remove unit from queue | 1 | |
| Right click | 605 | |
| Select / deselect | 260 | |
| Select group hotkey | 100 | |
| Use ability | 115 | |
1593 total
» units
| Peon | 12 | |
| Grunt | 4 | |
| Goblin Shredder | 2 | |
| Goblin Zeppelin | 1 | |
| Goblin Sapper | 7 | |
| Wind Rider | 2 | |
28 total
» upgrades
| Ranged Weapons | 3 | |
| Armor | 2 | |
| Troll Regeneration | 1 | |
| Liquid Fire | 1 | |
| Envenomed Spears | 1 | |
| Reinforced Defenses | 1 | |
9 total
» buildings
| Orc Burrow | 5 | |
| Altar of Storms | 1 | |
| Barracks | 1 | |
| Voodoo Lounge | 1 | |
| Stronghold | 1 | |
| War Mill | 1 | |
| Great Hall | 3 | |
| Beastiary | 6 | |
| Fortress | 1 | |
| Watch Tower | 27 | |
47 total
» build order
00:14 Orc Burrow
00:51 Altar of Storms
00:52 Barracks
01:10 Orc Burrow
01:39 Voodoo Lounge
02:47 Stronghold
03:23 War Mill
05:01 Great Hall
05:17 Orc Burrow
05:53 Beastiary
05:54 Beastiary
09:22 Fortress
10:52 Beastiary
10:52 Beastiary
10:52 Beastiary
10:54 Beastiary
12:10 Watch Tower
12:10 Watch Tower
12:10 Watch Tower
12:10 Watch Tower
12:11 Watch Tower
12:12 Watch Tower
12:12 Watch Tower
12:13 Watch Tower
12:13 Watch Tower
12:14 Watch Tower
12:15 Watch Tower
12:15 Watch Tower
12:16 Watch Tower
12:16 Watch Tower
12:16 Watch Tower
16:03 Great Hall
16:23 Watch Tower
16:24 Watch Tower
16:24 Watch Tower
16:25 Watch Tower
16:26 Watch Tower
16:26 Watch Tower
16:27 Watch Tower
16:28 Watch Tower
16:28 Watch Tower
16:29 Watch Tower
16:29 Watch Tower
17:42 Orc Burrow
17:43 Orc Burrow
21:35 Great Hall
» items
| Healing Salve | 6 | |
| Potion of Healing | 3 | |
| Potion of Mana | 2 | |
| Scroll of Town Portal | 3 | |
| Lesser Clarity Potion | 3 | |
| Orb of Lightning | 1 | |
18 total
CubsAndLions (
purple | 57 APM | 1814 actions | 32:03)
5 Blademaster
3 Wind Walk
2 Critical Strike
3 Shadow Hunter
1 Hex
2 Healing Wave
» actions
| Assign group hotkey | 52 | |
| Basic commands | 113 | |
| Build / train | 52 | |
| Enter build submenu | 12 | |
| Enter hero's abilities submenu | 8 | |
| Give item / drop item | 21 | |
| Right click | 758 | |
| Select / deselect | 214 | |
| Select group hotkey | 516 | |
| Use ability | 68 | |
1814 total
» units
| Peon | 7 | |
| Grunt | 5 | |
| Wind Rider | 4 | |
| Goblin Zeppelin | 1 | |
17 total
» upgrades
| Envenomed Spears | 1 | |
| Reinforced Defenses | 1 | |
| Ranged Weapons | 2 | |
| Armor | 1 | |
5 total
» buildings
| Altar of Storms | 1 | |
| Orc Burrow | 6 | |
| Barracks | 1 | |
| Voodoo Lounge | 1 | |
| Stronghold | 2 | |
| Beastiary | 2 | |
| War Mill | 1 | |
| Fortress | 1 | |
| Watch Tower | 9 | |
24 total
» build order
00:19 Altar of Storms
00:22 Orc Burrow
00:37 Barracks
01:27 Orc Burrow
01:55 Voodoo Lounge
03:03 Stronghold
03:03 Stronghold
03:38 Orc Burrow
05:00 Orc Burrow
05:32 Beastiary
05:57 Beastiary
08:06 War Mill
08:31 Fortress
09:06 Orc Burrow
09:07 Orc Burrow
14:53 Watch Tower
14:54 Watch Tower
14:54 Watch Tower
14:55 Watch Tower
14:56 Watch Tower
14:57 Watch Tower
14:57 Watch Tower
14:58 Watch Tower
14:58 Watch Tower
» items
| Healing Salve | 5 | |
| Orb of Lightning | 1 | |
| Scroll of Town Portal | 1 | |
| Lesser Clarity Potion | 3 | |
| Potion of Mana | 2 | |
12 total
WilDauGe (
pink | 74 APM | 1885 actions | 25:27)
6 Archmage
3 Summon Water Elemental
2 Brilliance Aura
1 Mass Teleport
2 Paladin
1 Holy Light
1 Divine Shield
» actions
| Assign group hotkey | 9 | |
| Build / train | 76 | |
| Enter build submenu | 24 | |
| Enter hero's abilities submenu | 8 | |
| Give item / drop item | 2 | |
| Right click | 952 | |
| Select / deselect | 484 | |
| Select group hotkey | 271 | |
| Use ability | 59 | |
1885 total
» units
| Peasant | 10 | |
| Footman | 5 | |
| Goblin Shredder | 2 | |
| Rifleman | 11 | |
| Priest | 2 | |
| Sorceress | 6 | |
| Flying Machine | 10 | |
| Mortar Team | 3 | |
49 total
» upgrades
| Long Rifles | 1 | |
| Sorceress Training | 1 | |
| Gunpowder | 2 | |
| Masonry | 1 | |
| Armor | 1 | |
6 total
» buildings
| Barracks | 1 | |
| Farm | 11 | |
| Altar of Kings | 1 | |
| Arcane Vault | 1 | |
| Lumber Mill | 1 | |
| Keep | 2 | |
| Blacksmith | 1 | |
| Arcane Sanctum | 1 | |
| Town Hall | 3 | |
| Scout Tower | 5 | |
| Guard Tower | 3 | |
| Arcane Tower | 1 | |
| Workshop | 1 | |
| Castle | 2 | |
34 total
» build order
00:12 Barracks
00:18 Farm
00:36 Altar of Kings
00:57 Farm
02:00 Farm
02:08 Arcane Vault
02:30 Lumber Mill
03:29 Keep
03:40 Blacksmith
03:43 Farm
05:15 Farm
05:15 Farm
06:03 Arcane Sanctum
07:02 Town Hall
07:31 Farm
07:52 Farm
09:47 Farm
09:54 Town Hall
10:00 Scout Tower
10:01 Scout Tower
10:02 Scout Tower
10:44 Guard Tower
11:58 Arcane Tower
12:42 Scout Tower
12:58 Workshop
13:08 Guard Tower
13:11 Scout Tower
13:51 Guard Tower
13:55 Farm
15:03 Castle
16:49 Town Hall
16:52 Keep
19:37 Castle
20:46 Farm
» items
Chat log
(00:10 / All) CubsAndLions: i aint fat im big bone
(00:24 / All) OnlyEuropaKnows: I am neither cub nor lion. I am Æsir
(00:57 / All) TheRuthlessOne: Oh shit, the TIGER is loose!
(00:57 / Allies) FiGhTForUS: me gru´nt tauren
(01:14 / Allies) WilDauGe: nice english grammar
(01:25 / Allies) WilDauGe: german?
(01:31 / All) CubsAndLions: NEIN
(01:34 / All) CubsAndLions: DIRK NOWTIZKI
(01:49 / All) TheRuthlessOne: Woe to Europa for rivers of blood shall be shed on this day
(01:50 / Allies) WilDauGe: u mean dirkules
(02:29 / Allies) TheRuthlessOne: Gold, lumbers?
(02:40 / Allies) TheRuthlessOne: Gold?
(02:41 / Allies) TheRuthlessOne: Lumber?
(02:50 / Allies) TheRuthlessOne: thank thee
(03:59 / Allies) CubsAndLions: COME PADAWAN
(05:29 / Allies) TheRuthlessOne: I'm none too pleased with you pink
(05:38 / Allies) TheRuthlessOne: You have been hunting in the royal forests
(06:11 / Allies) TheRuthlessOne: I didn't know there were two shreddar places on this mapo
(06:26 / Allies) CubsAndLions: U TAKE IT PADAWAN
(06:52 / Allies) TheRuthlessOne: show some respect for the KING OF THE EAST
(07:12 / Allies) CubsAndLions: lets hit bottom
(07:13 / Allies) CubsAndLions: niggers
(08:44 / Allies) CubsAndLions: we will nuke heros niggas
(09:15 / Allies) TheRuthlessOne: does scourge stack
(10:25 / All) CubsAndLions: OUT
(10:43 / Allies) TheRuthlessOne: arcnae towers
(11:03 / Allies) TheRuthlessOne: heal my bm lawl
(11:14 / Allies) CubsAndLions: MANA NIGGER
(12:11 / All) CubsAndLions: oj?
(12:24 / Allies) CubsAndLions: hall moron
(13:23 / Allies) CubsAndLions: iht again niggas
(13:45 / All) TheRuthlessOne: YOU ALL WILL DIE BY MY HANDS
(14:10 / All) aIe_b0b0Kiki: no yellow is too strong^^
(14:21 / Allies) CubsAndLions: come teal
(14:23 / Allies) FiGhTForUS: share
(14:26 / All) aIe_b0b0Kiki: 3000 gold and 2000 wood
(15:26 / Allies) CubsAndLions: go
(15:33 / Allies) CubsAndLions: hall
(16:40 / All) TheRuthlessOne: Now
(16:43 / All) TheRuthlessOne: the fun begins
(16:47 / All) TheRuthlessOne: Lumber gentlemen?
(16:49 / All) CubsAndLions: by whatever do u mean, red
(16:51 / All) TheRuthlessOne: It's to fund your own destruction
(17:07 / Allies) WilDauGe: ??
(17:16 / Allies) FiGhTForUS: why ::
(17:23 / All) CubsAndLions: plug pulla
(17:24 / All) CubsAndLions: teal
(17:26 / All) CubsAndLions: Are you a cub or a lion?
(17:35 / Allies) FiGhTForUS: lion
(17:43 / All) CubsAndLions: nice answer
(17:47 / All) CubsAndLions: time to man up
(17:49 / Allies) TheRuthlessOne: Can I have some lumber teal?
(17:50 / Allies) FiGhTForUS: why kill me ??
(17:56 / All) CubsAndLions: give wood to
(17:57 / All) CubsAndLions: red
(18:10 / Allies) FiGhTForUS: why kill me ???
(18:12 / Allies) FiGhTForUS: omg ??
(18:15 / Allies) TheRuthlessOne: Live lumber or die
(18:21 / Allies) TheRuthlessOne: Give lumber and DIE
(18:23 / All) CubsAndLions: ffa playerrrr
(18:40 / All) FiGhTForUS: but we loose
(18:50 / Allies) TheRuthlessOne: What's so bad about that
(19:12 / All) CubsAndLions: NO ON ARCHMAGE IS A NO NO PINK
(19:28 / All) FiGhTForUS: why kill me omg
(19:32 / All) FiGhTForUS: we loose the game
(19:48 / Allies) FiGhTForUS: why do this omg ??
(19:50 / Allies) FiGhTForUS: say me ??
(20:06 / All) CubsAndLions: say me LOVE U
(20:13 / Allies) FiGhTForUS: fuck you idiot
(20:21 / All) CubsAndLions: CANADA #1
(20:30 / All) CubsAndLions: FRENCH CANADIA > EUROPE
(21:10 / All) CubsAndLions: OH PINK U SILLY GUY U
(21:11 / All) CubsAndLions: GOING
(21:14 / All) CubsAndLions: COPTERS VS ORC
(21:43 / All) FiGhTForUS: we want loose ??
(21:45 / Allies) FiGhTForUS: OMg
(21:48 / All) FiGhTForUS: teamers ??
(21:51 / All) CubsAndLions: DO WE?
(21:52 / Allies) FiGhTForUS: yellow ??
(22:05 / All) CubsAndLions: yellow is on the other team, teal
(22:21 / All) FiGhTForUS: yes but why kill me and yours base ??
(22:23 / Allies) FiGhTForUS: omg
(22:34 / All) CubsAndLions: we are making it even, it is not fair for other team
(23:23 / Allies) FiGhTForUS: but we loose
(23:27 / Allies) FiGhTForUS: yellow is better
(23:28 / All) CubsAndLions: how?
(24:21 / Allies) FiGhTForUS: mass chims own
(25:07 / Allies) FiGhTForUS: why ??
(25:13 / Allies) TheRuthlessOne: Why not?
(25:29 / Allies) FiGhTForUS: i have 3-0 omg
(25:37 / Allies) TheRuthlessOne: 3-1 now
(25:40 / All) CubsAndLions: "i have 3-0 omg"
(25:51 / All) CubsAndLions: from teal?
(25:52 / All) OnlyEuropaKnows: lol
(26:00 / Allies) FiGhTForUS: why do this FUCKING LOOSERS
(26:13 / All) CubsAndLions: do what , teal?
(26:16 / All) OnlyEuropaKnows: Did you have fun this game, teal?
(26:17 / All) OnlyEuropaKnows: I did!
(26:18 / Allies) TheRuthlessOne: You're the loser teal you are beaten now
(26:22 / Allies) TheRuthlessOne: your record is blemished
(26:40 / All) TheRuthlessOne: teal sucks
(26:41 / Allies) FiGhTForUS: idiots
(26:47 / All) TheRuthlessOne: 2-1 lol
(26:48 / All) TheRuthlessOne: what a loser
(26:51 / Allies) FiGhTForUS: go 1v1 ??
(26:57 / All) TheRuthlessOne: why waste my time
(27:08 / All) TheRuthlessOne: you aren't even worthy of battling the dog shit on my boots recreant coward
(27:10 / All) TheRuthlessOne: sissy boy
(27:23 / All) OnlyEuropaKnows: I have 6 orbs already
(28:12 / Allies) TheRuthlessOne: Teal do you want a win?|
(28:20 / All) FiGhTForUS: no
(28:26 / Allies) TheRuthlessOne: You want to lose?
(28:27 / Allies) FiGhTForUS: only waiting for end
(29:18 / All) CubsAndLions: ur internet is so better than mine that u could actually click it faster than me when I try to click on it immediately to pick
(29:19 / All) CubsAndLions: it up
(29:39 / All) OnlyEuropaKnows: I destroyed your shitty items
(30:03 / Allies) FiGhTForUS: funny game
(30:07 / Allies) FiGhTForUS: very
(30:19 / All) CubsAndLions: i cant enter burrow
(30:27 / All) TheRuthlessOne: too big
(30:31 / All) CubsAndLions: teal why cant my hero enter his burrow
(30:39 / All) TheRuthlessOne: it's for the orcs whose growths were stunted
(31:06 / Allies) FiGhTForUS: red and purple fucking noobs !!!
(31:12 / All) TheRuthlessOne: do you respect me teal?
(31:20 / Allies) FiGhTForUS: no
(31:24 / All) TheRuthlessOne: why not
(32:00 / Allies) FiGhTForUS: because im want go to score 20-0 now not